 Dungeon Crawl Stone Soup version 0.29.0-4-gdea44cf6ec (webtiles) character file.

Game seed: 10052744627358975827

105 qw the Chopper (level 4, -3/26 HPs)
             Began as a Tengu Warper on Aug 28, 2022.
             Killed by divine providence
             ... invoked by an orc priest
              (13 damage)
             ... on level 3 of the Dungeon.
             The game lasted 00:00:16 (2902 turns).

qw the Chopper (Tengu Warper)                       Turns: 2902, Time: 00:00:16

Health: -3/26      AC: 11    Str: 13    XL:     4   Next: 83%
Magic:  8/8        EV:  3    Int: 14    God:
Gold:   187        SH:  0    Dex: 13    Spells: 7/7 levels left

rFire   . . .      SeeInvis .   Y - +0 hand axe
rCold   . . .      Faith    .   (no shield)
rNeg    . . .      Spirit   .   d - +0 plate armour
rPois   .          Reflect  .   (helmet restricted)
rElec   .          Harm     .   (no cloak)
rCorr   .          Rampage  .   (no gloves)
Will    .....                   (boots unavailable)
Stlth   ..........              (no amulet)
HPRegen 0.08/turn               (no ring)
MPRegen 0.11/turn               (no ring)

@: no status effects
A: beak, talons 3
a: no special abilities


You were on level 3 of the Dungeon.
You visited 1 branch of the dungeon, and saw 3 of its levels.

You collected 187 gold pieces.


Innate Abilities, Weirdness & Mutations

You have a beak for a mouth.
You have claws for feet.


   Skills:
 - Level 2.0 Fighting
 + Level 4.9 Axes
 - Level 1.0 Throwing
 - Level 2.2 Armour
 - Level 2.1 Dodging
 - Level 2.0 Spellcasting
 - Level 2.4 Translocations


You had 7 spell levels left.
You didn't know any spells.
Your spell library contained the following spells:

 Spells                   Type           Power      Damage    Failure   Level
 Blink                    Tloc           16%        N/A       100%        2
 Gell's Gravitas          Tloc           8%         N/A       100%        3
 Lesser Beckoning         Tloc           8%         N/A       100%        3
 Teleport Other           Tloc           8%         N/A       100%        3
 Manifold Assault         Tloc           8%         N/A       100%        5

Inventory:

Hand Weapons
 a - a +1 flail of draining
 Y - a +0 hand axe (weapon)
Missiles
 c - 3 silver javelins (quivered)
Armour
 d - a +0 plate armour (worn)
Scrolls
 h - a scroll of identify
Potions
 b - a potion of haste
 e - a potion of heal wounds
 i - a potion of attraction {unknown}
 j - a potion of curing {unknown}

Dungeon Overview and Level Annotations

Branches:
Dungeon (3/15)

Altars:
Fedhas


Message History

You hear a shout!
Throw: 4 javelins (silver)
Press: ? - help, Q - select action Shift-Dir - straight line, f/p - orc You throw a silver javelin.
The silver javelin pierces through the orc!
You kill the orc!
An orc comes into view. It is wielding a +0 club.
An orc priest comes into view. It is wielding a +0 hand axe.
The orc moves out of view.
Found a stone staircase leading up.
Enter note: You hit the orc priest but do no damage.
You claw the orc priest, but do no damage.
The orc priest invokes the aid of Beogh against you.
Beogh smites you!
You hit the orc priest. You peck the orc priest.
The orc priest is moderately wounded.
You hit the orc. The orc hits you but does no damage.
The orc priest hits you but does no damage.
You barely miss the orc priest. Your kick misses the orc priest.
The orc priest is moderately wounded.
You hit the orc but do no damage. The orc hits you but does no damage.
The orc priest calls down the wrath of Beogh upon you.
Pain shoots through your body!
You closely miss the orc priest. You peck the orc priest.
The orc priest is moderately wounded.
You closely miss the orc.
The orc priest hits you but does no damage.
The orc hits you but does no damage.
You hit the orc priest. Your kick misses the orc priest.
You peck the orc priest, but do no damage.
The orc priest is heavily wounded.
You hit the orc but do no damage. The orc hits you but does no damage.
The orc priest calls down the wrath of Beogh upon you.
Beogh smites you!
Ouch! That really hurt!
You die...

#.....# #.....#
#<....#
###..(..#
.......#
###..)..#
###....oo.# ...
#..@.)#
#..##.....#
#.........# .P..
#...###..##
.....#...#?#.##
...:....###.###
#.##.........##
7..#....#..#..##
#..###.........#


You could see an orc priest and an orc.

Vanquished Creatures
  4 adders
  A gnoll (D:2)
  A worm (D:2)
  2 dart slugs (D:2)
  An orc (D:3)
  3 bats
  4 giant cockroaches
  4 goblins (D:2)
  9 hobgoblins
  3 quokkas
  6 ball pythons
  3 frilled lizards
  7 kobolds
  2 rats
50 creatures vanquished.

Vanquished Creatures (others)
  17 plants (D:3)
17 creatures vanquished.

Grand Total: 67 creatures vanquished

Notes
Turn   | Place    | Note
-------+----------+-------------------------------------------
     0 | D:1      | qw the Tengu Warper began the quest for the Orb.
     0 | D:1      | Reached XP level 1. HP: 12/12 MP: 4/4
     0 | D:1      | 0 ||| qw: Version: 0.1-a-89-g26bdef1
     0 | D:1      | 0 ||| qw: Game counter: 3137
     0 | D:1      | 0 ||| qw: Always use a shield: true
     0 | D:1      | 0 ||| qw: God list: Okawaru
     0 | D:1      | 0 ||| qw: Allow faded altars: false
     0 | D:1      | 0 ||| qw: Do Orc after D:15 true
     0 | D:1      | 0 ||| qw: Do second Lair branch before Depths: true
     0 | D:1      | 0 ||| qw: Lair rune preference: random
     0 | D:1      | 0 ||| qw: Plans: Normal
     0 | D:1      | 0 ||| PLANNING D:1-11
   347 | D:1      | Reached skill level 3 in Axes
   347 | D:1      | Reached XP level 2. HP: 17/17 MP: 6/6
   836 | D:1      | 836 ||| UPGRADING to +0 plate armour.
   846 | D:1      | 846 ||| DROPPING +0 leather armour.
   847 | D:1      | 847 ||| READING scroll labelled BIYDIARHAPT.
   848 | D:1      | 848 ||| READING 3 scrolls labelled HYZUOKHL USHAMM.
   849 | D:1      | 849 ||| READING scroll labelled YKENTE ASAIR.
   850 | D:1      | 850 ||| READING scroll labelled SUILEA EFUNOKU.
   951 | D:1      | 951 ||| READING 2 scrolls of identify.
   951 | D:1      | 951 ||| IDENTIFYING bubbling white potion
   952 | D:1      | 952 ||| DROPPING scroll of blinking.
  1058 | D:2      | Found a faded altar of an unknown god.
  1137 | D:2      | Reached XP level 3. HP: 21/21 MP: 7/7
  1171 | D:2      | Identified the +2 pair of boots of Fortitude {rN+ Int+2}
  1197 | D:2      | 1197 ||| Stepping ~*~*~tactically~*~*~ (stealth).
  1212 | D:2      | 1212 ||| Stepping ~*~*~tactically~*~*~ (stealth).
  1313 | D:2      | Reached skill level 4 in Axes
  2008 | D:2      | 2008 ||| Stepping ~*~*~tactically~*~*~ (stealth).
  2010 | D:2      | 2010 ||| Stepping ~*~*~tactically~*~*~ (stealth).
  2024 | D:2      | Reached XP level 4. HP: 22/26 MP: 8/8
  2024 | D:2      | 2024 ||| FLEEEEING.
  2043 | D:2      | 2043 ||| FLEEEEING.
  2044 | D:2      | 2044 ||| FLEEEEING.
  2047 | D:2      | 2047 ||| FLEEEEING.
  2048 | D:2      | 2048 ||| FLEEEEING.
  2049 | D:2      | 2049 ||| FLEEEEING.
  2050 | D:2      | 2050 ||| FLEEEEING.
  2051 | D:2      | 2051 ||| FLEEEEING.
  2052 | D:2      | 2052 ||| FLEEEEING.
  2056 | D:2      | 2056 ||| FLEEEEING.
  2057 | D:2      | 2057 ||| FLEEEEING.
  2058 | D:2      | 2058 ||| FLEEEEING.
  2061 | D:2      | 2061 ||| STAIRDANCE
  2162 | D:1      | 2162 ||| READING scroll labelled QISTUIRRYMY.
  2163 | D:1      | 2163 ||| READING scroll labelled ZANNAO DYALICH.
  2164 | D:1      | 2164 ||| READING scroll labelled ZEAQ OXTEOCUTUY.
  2165 | D:1      | 2165 ||| READING scroll labelled VERRUN WUCS.
  2165 | D:1      | Identified a scroll of acquirement
  2165 | D:1      | 2165 ||| ACQUIRING +1 flail of draining
  2165 | D:1      | Acquired a +1 flail of draining
  2167 | D:1      | 2167 ||| DROPPING +0 whip.
  2168 | D:1      | 2168 ||| READING 2 scrolls of identify.
  2168 | D:1      | 2168 ||| IDENTIFYING glowing green potion
  2232 | D:2      | 2232 ||| Stepping ~*~*~tactically~*~*~ (hiding).
  2233 | D:2      | 2233 ||| Stepping ~*~*~tactically~*~*~ (hiding).
  2243 | D:2      | 2243 ||| Stepping ~*~*~tactically~*~*~ (stealth).
  2688 | D:3      | 2688 ||| Stepping ~*~*~tactically~*~*~ (stealth).
  2689 | D:3      | 2689 ||| Stepping ~*~*~tactically~*~*~ (stealth).
  2692 | D:3      | 2692 ||| Stepping ~*~*~tactically~*~*~ (stealth).
  2867 | D:3      | Found a blossoming altar of Fedhas.
  2902 | D:3      | Killed from afar by an orc priest

Levels and vault maps discovered:
D:1:      minmay_arrival_cross, layout_loops_ring, grunt_decor_arrowhead,
          minmay_tree_intersection
D:2:      minmay_diamond_boxcup, layout_loops_corners,
          dreamdust_ecumenical_altar_grove
D:3:      wad_woods_stonehenge, layout_rooms, fedhas_ov_isle_minmay,
          serial_shops, shop, item_on_display_a

Skill      XL: |  1  2  3 |
---------------+----------+-----
Axes           | 3 4 |  4.9
Armour         | 2 |  2.2
Fighting       | |  2.0
Throwing       | |  1.0
Dodging        | |  2.1
Spellcasting   | |  2.0
Translocations | |  2.4

Action                   |  1- 3 |  4- 6 || total
-------------------------+-------+-------++-------
Melee: Hand axe          |    83 |    43 ||   126
       Kick              |    23 |    14 ||    37
       Peck              |    11 |     8 ||    19
       Punch             |     2 |       ||     2
Throw: Boomerang         |     7 |       ||     7
       Javelin           |       |     2 ||     2
  Use: Scroll            |     5 |     5 ||    10
Armor: Leather armour    |    13 |       ||    13
       Plate armour      |    29 |    21 ||    50
Dodge: Dodged            |    28 |     5 ||    33

Table legend:
 A = Non-vault XP
 B = Vault XP
 C = Vault XP percentage of total XP
 D = Non-vault monster count
 E = Vault monster count
 F = Vault count percentage of total count
                 A         B        C        D         E       F
            +---------+---------+-------+---------+---------+-------
      Total |      93 |      58 |  38.4 |      40 |      10 |  20.0
            +---------+---------+-------+---------+---------+-------
        D:1 |      22 |       0 |   0.0 |      15 |       0 |   0.0
        D:2 |      58 |      42 |  42.0 |      18 |       8 |  30.8
        D:3 |      13 |      16 |  55.2 |       7 |       2 |  22.2
            +---------+---------+-------+---------+---------+-------
